 Dungeon Crawl Stone Soup version 0.17.1-3-g152610e (webtiles) character file.

1743 kaze the Ducker (level 8, -2/78 HPs)
             Began as a Troll Berserker on Feb 26, 2016.
             Was a Priest of Trog.
             Slain by a killer bee (4 damage)
             ... on level 7 of the Dungeon.
             The game lasted 00:14:29 (3851 turns).

kaze the Ducker (Troll Berserker)                   Turns: 3851, Time: 00:14:29

Health: -2/78      AC:  9    Str: 28    XL:     8   Next: 77%
Magic:  7/7        EV: 10    Int:  1    God:    Trog [***...]
Gold:   146        SH: 10    Dex:  9    Spells: 0 memorised, 7 levels left

rFire  . . .     SeeInvis .     c - +2 broad axe (elec)
rCold  . . .     Clarity  .     k - +1 robe
rNeg   . . .     SustAt   .     n - +1 shield
rPois  .         Gourm    +     l - +2 hat
rElec  .         Spirit   .     r - +1 cloak
rCorr  .         Warding  .     (gloves unavailable)
rMut   .         Stasis   .     (boots unavailable)
MR     ++...                    (no amulet)
Stlth  +.........               (no ring)
                                (no ring)

@: lethally poisoned (-2 -> -2), exhausted, regenerating, slowed, very slow,
very resistant to hostile enchantments, very unstealthy
A: unfitting armour, claws 3, deformed body, dopey 1, fast metabolism 3,
gourmand, regeneration 2, shaggy fur 1, tough skin 2
a: Berserk, Trog's Hand, Burn Spellbooks, Renounce Religion


You were on level 7 of the Dungeon.
You worshipped Trog.
Trog was most pleased with you.
You were not hungry.

You visited 1 branch of the dungeon, and saw 6 of its levels.

You collected 258 gold pieces.
You spent 112 gold pieces at shops.

Inventory:

Hand Weapons
 c - a +2 broad axe of electrocution (weapon)
Missiles
 o - 3 tomahawks (quivered)
Armour
 a - a +0 animal skin
 k - a +1 robe (worn)
 l - a +2 hat (worn)
 n - a +1 shield (worn)
 r - a +1 cloak (worn)
Wands
 q - a wand of magic darts (22)
 t - a wand of draining (7)
 u - a wand of teleportation (5)
Scrolls
 i - a scroll of identify
 v - 2 scrolls of noise {unknown}
 w - 2 scrolls of enchant weapon {unknown}
 x - a scroll of teleportation {unknown}
 y - a scroll of recharging {unknown}
Potions
 d - a potion of berserk rage {unknown}
 e - a potion of haste
 h - 2 potions of curing
Comestibles
 b - 7 bread rations
 f - 5 fruits
 g - a beef jerky
 p - 2 slices of pizza
 A - 2 meat rations


   Skills:
 + Level 4.1 Fighting
 + Level 3.3 Axes
 + Level 0.3 Throwing
 + Level 6.8 Dodging
 + Level 1.3 Stealth
 + Level 3.6 Shields
 + Level 3.9 Unarmed Combat


You had 7 spell levels left.
You didn't know any spells.

Dungeon Overview and Level Annotations

Branches:
Dungeon (7/15)             Temple (0/1) D:6

Altars:
Cheibriados
Dithmenos
Xom

Shops:
D:5 :   D:7 ?(


Innate Abilities, Weirdness & Mutations

You are too large for most types of armour.
You have claws for hands.
Your metabolism is lightning-fast.
You like to eat raw meat.
You heal very quickly.
You are covered in fur (AC +1).
You have very tough skin (AC +2).
Armour fits poorly on your strangely shaped body.
You are dopey. (Int -2)


Message History

The killer bee stings you but does no damage.
The killer bee stings you!
* * * LOW HITPOINT WARNING * * *
You block the killer bee's attack. x2
You feel sick. The killer bee stings you!
* * * LOW HITPOINT WARNING * * *
You are more poisoned.
The killer bee poisons you! You block the killer bee's attack.
You feel sick. The killer bee barely misses you.
You block the killer bee's attack. x2
You feel sick. You block the killer bee's attack.
You block the killer bee's attack. The killer bee stings you.
* * * LOW HITPOINT WARNING * * *
The killer bee closely misses you.
You feel sick. The killer bee stings you.
* * * LOW HITPOINT WARNING * * *
You are more poisoned.
The killer bee poisons you! The killer bee barely misses you.
The killer bee stings you.
You die...

...######.# ..## #.# #.#
#.# #.##.# #.# #.##.#
#y# #.##.# #†#
#.##.####.########
#.##.##..[.....y.##
#.##.##.#.###..y@.######
#.##.##.#.###..y.......#
#.##.## #.........####.#
#....# ###.#.....# #÷#
####.# #.#.....# #.# #.#
.......## #.#
#.#####..###.## #.#
#....##.# #.# #.#
#....##. #. #.#


You could see 3 killer bees.

Vanquished Creatures
  Sigmund (D:5)
  A spriggan (D:7)
  A black bear (D:6)
  An ice beast (D:6)
  A sky beast (D:6)
  An ogre (D:5)
  A centaur (D:6)
  A giant frog (D:5)
  3 killer bees (D:7)
  A scorpion (D:3)
  A wasp zombie (D:7)
  5 wights (D:7)
  A hound (D:5)
  A crimson imp (D:6)
  A jelly (D:7)
  2 orc priests (D:6)
  A giant frog skeleton (D:6)
  Terence (D:2)
  An iguana (D:6)
  3 orc wizards
  3 worker ants
  5 adders
  2 shadow imps
  5 giant geckos
  18 orcs
  A goblin (D:3)
  6 hobgoblins
  8 jackals
  5 kobolds
  2 quokkas
  4 bats
  8 giant cockroaches
  A giant gecko zombie (D:5)
  11 giant newts
  A quokka skeleton (D:7)
  2 rats
111 creatures vanquished.

Vanquished Creatures (others)
  A centaur zombie (D:6)
1 creature vanquished.

Grand Total: 112 creatures vanquished

Notes
Turn   | Place    | Note
--------------------------------------------------------------
     0 | D:1      | kaze the Troll Berserker began the quest for the Orb.
     0 | D:1      | Reached XP level 1. HP: 22/22 MP: 0/0
   157 | D:1      | Reached XP level 2. HP: 29/29 MP: 1/1
   592 | D:1      | Reached ** piety under Trog
   671 | D:2      | Reached XP level 3. HP: 34/36 MP: 2/2
   703 | D:2      | Noticed Terence
   709 | D:2      | Killed Terence
   959 | D:3      | Reached XP level 4. HP: 44/44 MP: 3/3
  1350 | D:3      | Noticed a scorpion
  1382 | D:3      | Killed a scorpion
  1382 | D:3      | Reached XP level 5. HP: 31/53 MP: 4/4
  1423 | D:3      | You fall through a shaft for 2 floors!
  1423 | D:5      | Entered Level 5 of the Dungeon
  1441 | D:5      | Reached skill level 1 in Axes
  1534 | D:5      | Found Rileret's Book Shop.
  1722 | D:5      | Reached skill level 4 in Dodging
  1897 | D:5      | Noticed an ogre
  1901 | D:5      | Killed an ogre
  1901 | D:5      | Reached skill level 1 in Shields
  1901 | D:5      | Reached XP level 6. HP: 61/61 MP: 5/5
  2010 | D:5      | Reached *** piety under Trog
  2332 | D:5      | Noticed Sigmund
  2344 | D:5      | Killed Sigmund
  2344 | D:5      | Reached XP level 7. HP: 67/67 MP: 6/6
  2479 | D:6      | Reached skill level 5 in Dodging
  2572 | D:6      | Found a staircase to the Ecumenical Temple.
  2641 | D:6      | Reached skill level 1 in Stealth
  2853 | D:6      | Reached XP level 8. HP: 35/78 MP: 7/7
  3067 | D:6      | Gained mutation: Armour fits poorly on your strangely shaped body. [mutagenic glow]
  3124 | D:7      | Found a snail-covered altar of Cheibriados.
  3128 | D:7      | Found a shimmering altar of Xom.
  3129 | D:7      | Found a shadowy altar of Dithmenos.
  3157 | D:7      | Gained mutation: You are dopey. (Int -2) [mutagenic glow]
  3230 | D:7      | Found Raunorofaa's Magic Scroll Boutique.
  3288 | D:7      | Reached skill level 6 in Dodging
  3363 | D:7      | Found Acaemor's Antique Weapon Shoppe.
  3420 | D:7      | Bought a runed broad axe for 112 gold pieces
  3795 | D:7      | Reached **** piety under Trog
  3848 | D:7      | HP: 1/78 [killer bee (8)]
  3851 | D:7      | Slain by a killer bee

Action                   |  1- 3 |  4- 6 |  7- 9 || total
-------------------------+-------+-------+-------++-------
Melee: Unarmed           |    74 |       |       ||    74
       War axe           |    17 |   150 |   155 ||   322
       Broad axe         |       |       |    40 ||    40
       Mace              |       |       |     4 ||     4
Throw: Tomahawk          |       |       |    10 ||    10
Invok: Berserk           |     1 |     4 |     3 ||     8
       Trog's Hand       |       |       |     1 ||     1
  Use: Scroll            |     1 |     7 |     3 ||    11
       Potion            |       |     4 |     1 ||     5
 Stab: Sleeping          |       |       |     1 ||     1
  Eat: Chunk             |    15 |    17 |    15 ||    47
